 Dungeon Crawl Stone Soup version 0.30-a0-23-ge60ba3568b (webtiles) character file.

Game seed: 5441821484838529969

960 Newt the Skirmisher (level 8, 0/48 HPs)
             Began as a Kobold Hunter on Aug 24, 2022.
             Slain by an iguana (12 damage)
             ... on level 5 of the Dungeon.
             The game lasted 00:05:47 (4282 turns).

Newt the Skirmisher (Kobold Hunter)                 Turns: 4282, Time: 00:05:48

Health: 0/48       AC:  5    Str:  8    XL:     8   Next: 37%
Magic:  8/8        EV: 15    Int: 11    God:
Gold:   131        SH:  6    Dex: 20    Spells: 7/7 levels left

rFire   . . .      SeeInvis .    g - +2 hand crossbow (vorpal)
rCold   . . .      Faith    .    u - +0 buckler
rNeg    . . .      Spirit   .    c - +0 leather armour
rPois   .          Reflect  .    (no helmet)
rElec   .          Harm     .    (no cloak)
rCorr   .          Rampage  .    (no gloves)
Will    .....                    h - +1 pair of boots
Stlth   +++.......               (no amulet)
HPRegen 0.16/turn                (no ring)
MPRegen 0.11/turn                (no ring)

@: flying
A: small, no large weapons, nightstalker 3
a: no special abilities


You were on level 5 of the Dungeon.
You visited 1 branch of the dungeon, and saw 6 of its levels.

You collected 131 gold pieces.

Inventory:

Hand Weapons
 a - a +0 shortbow
 g - a +2 vorpal hand crossbow (weapon)
Missiles
 k - a throwing net
 x - 4 atropa-tipped darts
Armour
 c - a +0 leather armour (worn)
 h - a +1 pair of boots (worn)
 u - a +0 buckler (worn)
Jewellery
 f - a ring of positive energy
Wands
 p - a wand of polymorph (13)
Scrolls
 b - 2 scrolls of immolation
 e - 3 scrolls of noise
 j - a scroll of fear {unknown}
 q - 2 scrolls of identify
 s - a scroll of blinking {unknown}
 t - a scroll of teleportation
 v - 2 scrolls of enchant armour
 y - a scroll of poison {unknown}
Potions
 d - 2 potions of attraction
 i - 3 potions of resistance
 l - a potion of might
 m - a potion of magic
 r - a potion of heal wounds {unknown}
 w - a potion of cancellation


   Skills:
 - Level 4.0 Fighting
 - Level 10.0 Ranged Weapons
 - Level 4.0 Dodging
 - Level 3.0 Stealth
 + Level 3.5 Shields


You had 7 spell levels left.
You didn't know any spells.
Your spell library contained the following spells:

 Spells                   Type           Power      Damage    Failure   Level
 Apportation              Tloc           0%         N/A       58%         1
 Necrotise                Necr           0%         1d4       58%         1
 Sandblast                Erth           0%         2d4       58%         1
 Summon Small Mammal      Summ           0%         N/A       58%         1
 Passwall                 Tmut/Erth      0%         N/A       75%         2
 Gell's Gravitas          Tloc           0%         N/A       92%         3
 Lesser Beckoning         Tloc           0%         N/A       92%         3
 Stone Arrow              Conj/Erth      0%         3d7       92%         3
 Teleport Other           Tloc           0%         N/A       92%         3
 Vampiric Draining        Necr           0%         2d6       92%         3
 Agony                    Necr           0%         N/A       100%        5


Dungeon Overview and Level Annotations

Branches:
Dungeon (6/15)
 Temple: D:4-7

Altars:
Cheibriados
Kikubaaqudgha
Okawaru
Sif Muna
Vehumet
Yredelemnul
The Shining One


Innate Abilities, Weirdness & Mutations

You are small and have problems with some larger weapons.
You are completely attuned to the shadows.


Message History

Fire: g) +2 hand crossbow (vorpal)
Press: ? - help, Shift-Dir - straight line, f/p - water moccasin
Aim: a water moccasin (lightly wounded, 58% to hit)
You shoot a bolt. The bolt hits the water moccasin!
The water moccasin is heavily wounded.
You feel very sick. The water moccasin bites you.
You are more poisoned.
The water moccasin poisons you! The iguana closely misses you.
You block the water moccasin's attack.
Fire: g) +2 hand crossbow (vorpal)
Press: ? - help, Shift-Dir - straight line, f/p - water moccasin
Aim: a water moccasin (heavily wounded, 58% to hit)
You shoot a bolt. The bolt hits the water moccasin!!
You kill the water moccasin!
You feel very sick. The iguana misses you. The iguana completely misses you.
Your Shields skill increases to level 3!
Fire: g) +2 hand crossbow (vorpal)
Press: ? - help, Shift-Dir - straight line, f - iguana
Aim: an iguana (74% to hit)
You shoot a bolt. The bolt hits the iguana!
The iguana is severely wounded.
You feel very sick. The iguana bites you!
* * * LOW HITPOINT WARNING * * *
Fire: g) +2 hand crossbow (vorpal)
Press: ? - help, Shift-Dir - straight line, f/p - iguana
Aim: an iguana (severely wounded, 74% to hit)
It was a potion of cancellation.
You feel magically purged.
* * * LOW HITPOINT WARNING * * *
You feel very sick. The iguana closely misses you.
It was a potion of flight.
You feel very buoyant.
You fly up into the air.
* * * LOW HITPOINT WARNING * * *
You feel sick. You block the iguana's attack.
It was a potion of curing.
You feel better. The iguana bites you!
You die...

#.......
#.......
+..>....
.....#.......
.....#.......
.....#.#+####
.....#.#
.....†.#
##.l@###
#.......
.....!...
.........
.....##..


You could see an iguana.

Vanquished Creatures
  A water moccasin (D:5)
  A black bear (D:4)
  A phantom (D:4)
  A howler monkey (D:5)
  3 jellies
  A gnoll bouda (D:4)
  A hound (D:4)
  3 iguanas
  Natasha (thrice) (D:2)
  6 orc wizards
  6 gnolls (D:4)
  5 adders
  4 worms
  4 dart slugs
  2 orcs (D:4)
  15 endoplasms
  5 giant cockroaches
  5 goblins
  5 hobgoblins
  4 quokkas
  3 ball pythons
  7 bats
  A frilled lizard (D:2)
  13 kobolds
  5 rats
105 creatures vanquished.

Vanquished Creatures (others)
  3 fungi (D:2)
  7 toadstools (D:2)
10 creatures vanquished.

Grand Total: 115 creatures vanquished

Notes
Turn   | Place    | Note
-------+----------+-------------------------------------------
     0 | D:1      | Newt the Kobold Hunter began the quest for the Orb.
     0 | D:1      | Reached XP level 1. HP: 12/12 MP: 1/1
    86 | D:1      | Reached XP level 2. HP: 5/17 MP: 2/2
   656 | D:1      | Reached XP level 3. HP: 16/21 MP: 3/3
   885 | D:1      | Found a faded altar of an unknown god.
   901 | D:1      | Reached skill level 6 in Ranged Weapons
  1108 | D:2      | Identified a scroll of acquirement
  1108 | D:2      | Acquired a +2 vorpal hand crossbow
  1637 | D:2      | Reached XP level 4. HP: 26/26 MP: 4/4
  1714 | D:2      | Reached skill level 7 in Ranged Weapons
  1715 | D:2      | Reached XP level 5. HP: 26/30 MP: 5/5
  2163 | D:2      | Noticed Natasha
  2164 | D:2      | Killed Natasha
  2165 | D:2      | Reached skill level 8 in Ranged Weapons
  2298 | D:2      | Noticed Natasha
  2302 | D:2      | Killed Natasha
  2374 | D:2      | Noticed Natasha
  2392 | D:2      | Killed Natasha
  2393 | D:2      | Reached XP level 6. HP: 29/37 MP: 6/6
  2818 | D:3      | Found an ancient bone altar of Kikubaaqudgha.
  2826 | D:3      | Found a shimmering blue altar of Sif Muna.
  2840 | D:3      | Found a radiant altar of Vehumet.
  3334 | D:3      | Found a snail-covered altar of Cheibriados.
  3339 | D:3      | Found a faded altar of an unknown god.
  3341 | D:3      | Found a basalt altar of Yredelemnul.
  3342 | D:3      | Found an iron altar of Okawaru.
  3347 | D:3      | Found a glowing golden altar of the Shining One.
  3570 | D:4      | Reached XP level 7. HP: 43/43 MP: 7/7
  3584 | D:4      | Reached skill level 9 in Ranged Weapons
  3784 | D:4      | Reached skill level 10 in Ranged Weapons
  3899 | D:4      | Reached skill level 1 in Shields
  3903 | D:4      | Reached XP level 8. HP: 44/48 MP: 8/8
  4182 | D:4      | You fall into a shaft and drop 2 floors!
  4260 | D:5      | Entered Level 5 of the Dungeon
  4282 | D:5      | Slain by an iguana

Illustrated notes

Levels and vault maps discovered:
D:1:      saegor_arrival_simple_e, layout_rooms,
          shapermc_ecumenical_altar_notcrosses
D:2:      cheibrodos_fertilizer, layout_loops_ring, nicolae_hexahallways,
          uniq_natasha
D:3:      layout_basic, palyth_temple_overflow_mages,
          chequers_temple_overflow_minitemple
D:4:      layout_rooms
D:5:      layout_basic, minmay_temple_entry_wispy
D:6:      layout_loops_cross, lemuel_crystal_altar, nicolae_ashenzari_skybound,
          uniq_duvessa

Skill      XL: |  1  2  3  4  5  6  7  8 |
---------------+-------------------------+-----
Stealth        | 2 3 |  3.0
Ranged Weapons | 6 7 8 10 | 10.0
Fighting       | 3 4 |  4.0
Dodging        | 4 |  4.0
Shields        | 1 3 |  3.5

Action                   |  1- 3 |  4- 6 |  7- 9 || total
-------------------------+-------+-------+-------++-------
Melee: Unarmed           |       |     6 |       ||     6
 Fire: Shortbow          |    64 |       |       ||    64
       Hand crossbow     |    19 |    73 |    61 ||   153
  Use: Scroll            |     4 |     4 |       ||     8
       Potion            |       |       |     3 ||     3
Armor: Leather armour    |     8 |     8 |     8 ||    24
       Skin              |       |     2 |       ||     2
Dodge: Dodged            |    41 |    35 |    33 ||   109
Block: Buckler           |       |       |    15 ||    15

Table legend: (Time is in decaauts)
 A = Elapsed time spent in this place.
 B = Non-inter-level travel time spent in this place.
 C = Inter-level travel time spent in this place.
 D = Time resting spent in this place.
 E = Time spent auto-exploring this place.
 F = Levels seen in this place.
 G = Mean time per level.
                   A        B        C        D        E       F      G
               +--------+--------+--------+--------+--------+-----+--------+
         Total |   4379 |   4154 |    225 |    733 |   2860 |   6 |  729.8 |
       Dungeon |   4379 |   4154 |    225 |    733 |   2860 |   6 |  729.8 |
               +--------+--------+--------+--------+--------+-----+--------+

Top non-repeatable levels by time:
     D:2: 1352 daAuts
     D:3: 1286 daAuts
     D:1: 1105 daAuts
     D:4: 530 daAuts
     D:6: 78 daAuts
     D:5: 26 daAuts
